 Dungeon Crawl Stone Soup version 0.32-a0-314-g526f7d4993 (webtiles) character file.

Game seed: 5588494143014680476

221 Ceno the Grasshopper (level 5, -2/67 HPs)
             Began as an Armataur Warper on Feb 15, 2024.
             Slain by an orc
             ... wielding a +0 falchion
              (4 damage)
             ... on level 3 of the Dungeon.
             The game lasted 00:07:14 (2519 turns).

Ceno the Grasshopper (Armataur Warper)              Turns: 2519, Time: 00:07:15

Health: -2/67      AC: 26    Str: 16    XL:     5   Next: 65%
Magic:  6/7        EV:  1    Int: 13    God:
Gold:   141        SH:  0    Dex: 12    Spells: 5/7 levels left

rFire   . . .        a - +0 falchion
rCold   . . .        (no shield)
rNeg    . . .        g - melded +0 ring mail
rPois   +            (helmet currently unavailable)
rElec   .            (cloak currently unavailable)
rCorr   .            i - melded +0 pair of gloves
SInv    +            (no barding)
Will    .....        (no amulet)
Stlth   +            h - +4 ring of protection
HPRegen 0.31/turn    s - ring of see invisible
MPRegen 0.10/turn

%: roll
@: tree-form
A: stationary, stasis, torment immunity, boosted hp, large, (deformed body),
(tough skin 3), (armoured tail), roll 1
a: no special abilities


You were on level 3 of the Dungeon.
You were a tree.
You visited 1 branch of the dungeon, and saw 3 of its levels.

You collected 141 gold pieces.

Inventory:

Hand Weapons
 a - a +0 falchion (weapon)
Missiles
 d - 7 darts of dispersal
 e - 16 stones (quivered)
Armour
 g - a +0 ring mail (melded)
 i - a +0 pair of gloves (melded)
Jewellery
 h - a +4 ring of protection (left branch)
 s - a ring of see invisible (right branch)
Wands
 b - a wand of charming (5)
Scrolls
 c - 2 scrolls of blinking
 f - a scroll of vulnerability {unknown}
 j - 2 scrolls of enchant weapon {unknown}
 n - 2 scrolls of teleportation
 p - a scroll of fog {unknown}
 q - a scroll of identify
 r - a scroll of enchant armour {unknown}
Potions
 k - a potion of mutation
 l - a potion of enlightenment
 o - 2 potions of brilliance {unknown}


   Skills:
 + Level 3.0 Fighting
 * Level 4.0 Long Blades
 - Level 0.8 Throwing
 - Level 1.2 Armour
 - Level 1.3 Dodging
 - Level 1.7 Spellcasting
 + Level 4.1 Translocations


You had 5 spell levels left.
You knew the following spells:

 Your Spells              Type           Power      Damage    Failure   Level
a - Blink                 Tloc           22%        N/A       8%          2

Your spell library contained the following spells:

 Spells                   Type           Power      Damage    Failure   Level
 Lesser Beckoning         Tloc           22%        N/A       8%          2
 Teleport Other           Tloc           11%        N/A       14%         3
 Necrotise                Necr           4%         1d4       26%         1
 Shock                    Conj/Air       4%         1d3       26%         1
 Manifold Assault         Tloc           11%        N/A       43%         4
 Swiftness                Air            1%         N/A       61%         3
 Vampiric Draining        Necr           1%         2d6       61%         3
 Vhi's Electric Charge    Tloc/Air       12%        N/A       73%         4
 Airstrike                Air            0%         2d(1-17)  95%         4
 Martyr's Knell           Necr/Summ      1%         N/A       95%         4
 Curse of Agony           Necr           1%         N/A       100%        5


Dungeon Overview and Level Annotations

Branches:
Dungeon (3/15)

Altars:
Makhleb

Shops:
D:3 :!?


Innate Abilities, Weirdness & Mutations

You are a tree.
Your roots penetrate the ground, keeping you stationary.
You cannot be teleported.
You are immune to unholy pain and torment.
Your maximum health is greatly increased.
Your equipment is partially melded.
((Armour fits poorly on your strangely shaped body.))
((You have extremely tough skin. (AC +3)))
((You have a long armoured tail.))
You regenerate magic when rolling toward enemies. (Rampage MPRegen)


Message History

The orc hits you with a +0 falchion.
* * * LOW HITPOINT WARNING * * *
Your Fighting skill increases to level 3!
Your Long Blades skill increases to level 4!
You barely miss the orc. The orc hits you but does no damage.
The orc hits you with a +0 falchion.
* * * LOW HITPOINT WARNING * * *
You barely miss the orc. The orc hits you with a +0 club.
* * * LOW HITPOINT WARNING * * *
The orc hits you but does no damage.
Casting: Blink (safe; 14% risk of failure)
Confirm with . or Enter, or press ? or * to list all spells.
You blink.
You turn into a tree.
Your +0 pair of gloves melds into your body.
Your +0 ring mail melds into your body.
Your roots penetrate the ground.
The orc throws a boomerang.
The boomerang hits you but does no damage.
You cannot move.
You hit the orc but do no damage. The orc hits you but does no damage.
The orc throws a boomerang.
The boomerang hits you but does no damage.
You barely miss the orc. The orc hits you but does no damage. x2
You closely miss the orc. The orc hits you but does no damage. x2
You hit the orc but do no damage. The orc hits you with a +0 falchion.
* * * LOW HITPOINT WARNING * * *
The orc hits you but does no damage.
You closely miss the orc.
You feel ready to blink again. The orc hits you but does no damage. x2
You hit the orc.
The orc is lightly wounded.
The orc hits you but does no damage. x2
You barely miss the orc.
The orc is lightly wounded.
The orc hits you but does no damage. x2
You slash the orc!
You kill the orc!
The orc hits you with a +0 falchion.
You die...

####.#..........# #.##......#.
.....#..........# #.#####.#.##
.....#..........# #.# #.#.#
.....#..........# #.# #.#.#
......o....∩....######.# ##.#.##
.....#.o..o............####......
.....########)...................
.....# #.)o).....#####......
.....# ####♣###### #......
.....###########....#######......
†............##..........##......
.............##...÷........÷.....
.................................
.........................).....##
####............####........##..#
#............# #........###..
#######......# #........# ###


You could see an orc.

Vanquished Creatures
  2 orc priests (D:3)
  Jessica (D:2)
  3 adders
  A dart slug (D:3)
  3 orcs (D:3)
  4 ball pythons
  2 endoplasms (D:1)
  2 giant cockroaches
  4 hobgoblins
  6 jackals
  6 quokkas
  4 bats
  6 frilled lizards
  7 goblins
  5 kobolds
  9 rats
65 creatures vanquished.

Notes
Turn   | Place    | Note
-------+----------+-------------------------------------------
     0 | D:1      | Ceno the Armataur Warper began the quest for the Orb.
     0 | D:1      | Reached XP level 1. HP: 17/17 MP: 3/3
   113 | D:1      | Reached XP level 2. HP: 22/24 MP: 4/4
   116 | D:1      | Learned a level 2 spell: Blink
   679 | D:1      | Reached XP level 3. HP: 29/29 MP: 5/5
  1242 | D:2      | Reached XP level 4. HP: 37/37 MP: 6/6
  1362 | D:2      | Noticed Jessica
  1394 | D:2      | Killed Jessica
  1798 | D:3      | Found Vuqoehiff's Distillery.
  1814 | D:3      | Found Xangif's Magic Scroll Shoppe.
  2070 | D:3      | Found a burning altar of Makhleb.
  2087 | D:3      | Reached XP level 5. HP: 42/42 MP: 7/7
  2309 | D:3      | Found Qapaant's Book Emporium.
  2509 | D:3      | HP: 1/45 [orc/+0 club (2)]
  2515 | D:3      | HP: 1/67 [orc/+0 falchion (4)]
  2519 | D:3      | Slain by an orc

Illustrated notes

Levels and vault maps discovered:
D:1:      dpeg_arrival_pond, layout_loops_corners, minmay_bisected
D:2:      layout_loops_ring, uniq_jessica
D:3:      layout_basic, mainiacjoe_overflow_cross_hatched, serial_shops, shop,
          shop, nicolae_shop_tiny_statue_garden, nicolae_shop_rolling_square

Skill      XL: |  1  2  3  4  5 |
---------------+----------------+-----
Long Blades    | 2 3 4 |  4.0
Fighting       | 2 3 |  3.0
Translocations | 4 |  4.1
Throwing       | |  0.8
Armour         | |  1.2
Dodging        | |  1.3
Spellcasting   | |  1.7

Action                     |  1- 3 |  4- 6 || total
---------------------------+-------+-------++-------
  Melee: Falchion          |    76 |   125 ||   201
         Tailslap          |    10 |    13 ||    23
  Throw: Stone             |       |     1 ||     1
   Cast: Blink             |       |     1 ||     1
    Use: Scroll            |     2 |     2 ||     4
         Potion            |       |     1 ||     1
 Armour: Leather armour    |    37 |       ||    37
         Ring mail         |     9 |   116 ||   125
         Skin              |       |    16 ||    16
  Dodge: Dodged            |    37 |    55 ||    92

Table legend: (Time is in decaauts)
 A = Elapsed time spent in this place.
 B = Non-inter-level travel time spent in this place.
 C = Inter-level travel time spent in this place.
 D = Time resting spent in this place.
 E = Time spent auto-exploring this place.
 F = Levels seen in this place.
 G = Mean time per level.
                   A        B        C        D        E       F      G
               +--------+--------+--------+--------+--------+-----+--------+
         Total |   2547 |   2480 |     67 |     58 |   1512 |   3 |  849.0 |
       Dungeon |   2547 |   2480 |     67 |     58 |   1512 |   3 |  849.0 |
               +--------+--------+--------+--------+--------+-----+--------+

Top non-repeatable levels by time:
     D:1: 914 daAuts
     D:2: 912 daAuts
     D:3: 720 daAuts
